 Dungeon Crawl Stone Soup version 0.22.0-38-g04b72b8 (webtiles) character file.

8852 Golfball the Cleaver (level 11, -8/60 HPs)
             Began as a Gargoyle Fighter on Aug 27, 2018.
             Was an Elder of Hepliaklqana.
             Mangled by a death yak (9 damage)
             ... on level 10 of the Dungeon.
             The game lasted 00:33:45 (8898 turns).

Golfball the Cleaver (Gargoyle Fighter)             Turns: 8898, Time: 00:33:46

Health: -8/60      AC: 25    Str: 26    XL:     11   Next: 37%
Magic:  15/16      EV:  8    Int:  9    God:    Hepliaklqana [****..]
Gold:   639        SH:  9    Dex:  9    Spells: 10/10 levels left

rFire    . . .     SeeInvis .   a - +4 war axe
rCold    + . .     Gourm    .   c - +0 shield
rNeg     + . .     Faith    .   M - +5 chain mail "Amirresawn" {Str+3}
rPois    ∞         Spirit   .   (no helmet)
rElec    +         Reflect  .   J - +0 cloak
rCorr    .         Harm     .   v - +1 pair of gloves
MR       +....                  (no boots)
Stlth    ..........             g - amulet of rage
HPRegen  0.20/turn              z - ring of protection from cold
MPRegen  0.15/turn              L - ring of protection from magic

@: no status effects
A: reduced essence, negative energy resistance 1, electricity resistance,
unbreathing, petrification resistance, rot immunity, AC +8
a: Recall Ancestor, Ancestor Identity, Transference, Idealise, Renounce
Religion, Evoke Berserk Rage


You were on level 10 of the Dungeon.
You worshipped Hepliaklqana.
Hepliaklqana was greatly pleased with you.
You were not hungry.

You visited 1 branch of the dungeon, and saw 10 of its levels.
You also visited: Sewer.

You collected 639 gold pieces.

Inventory:

Hand Weapons
 a - a +4 war axe (weapon)
 b - a +0 hunting sling
 w - a +0 morningstar
Missiles
 j - 113 stones (quivered)
 B - 102 sling bullets
Armour
 c - a +0 shield (worn)
 u - a +3 ring mail
 v - a +1 pair of gloves (worn)
 J - a +0 cloak (worn)
 M - the +5 chain mail "Amirresawn" (worn) {Str+3}
   (You found it on level 10 of the Dungeon)

   It affects your strength (+3).
Jewellery
 g - an amulet of rage (around neck)
 i - an uncursed ring of fire
 o - an uncursed amulet of faith
 t - a +3 ring of intelligence
 z - a ring of protection from cold (left hand)
 D - an uncursed amulet of the gourmand
 L - a ring of protection from magic (right hand)
Wands
 C - a wand of enslavement (16)
 E - a wand of iceblast (18)
 K - a wand of flame (30)
Scrolls
 h - 3 scrolls of enchant weapon
 k - 2 scrolls of immolation
 p - 2 scrolls of magic mapping
 q - 11 scrolls of teleportation
 s - 10 scrolls of remove curse
 y - 2 scrolls of fear
 F - a scroll of blinking
 H - 2 scrolls of amnesia
Potions
 d - 3 potions of might
 e - a potion of flight
 l - 2 potions of magic
 m - 2 potions of lignification
 n - 2 potions of curing
 r - 3 potions of heal wounds
 A - a potion of mutation {unknown}
 G - 2 potions of haste
 I - a potion of brilliance {unknown}
Comestibles
 f - 22 rations
 x - 11 chunks of flesh


   Skills:
 - Level 7.0 Fighting
 + Level 8.8 Axes
 - Level 6.0 Slings
 - Level 3.2 Armour
 + Level 5.6 Dodging
 - Level 3.2 Shields
 - Level 7.3 Invocations
 - Level 6.1 Evocations


You had 10 spell levels left.
You didn't know any spells.
Your spell library contained the following spells:

 Spells                   Type           Power        Failure   Level  Hunger
 Confusing Touch          Hex            #.....       100%        1    ##.....
 Confuse                  Hex            #.......     100%        3    ####...
 Gell's Gravitas          Tloc           #.........   100%        3    ####...
 Petrify                  Tmut/Erth      #.......     100%        4    #####..
 Metabolic Englaciation   Hex/Ice        #.........   100%        5    ######.
 Yara's Violent Unravell  Hex/Tmut       #.........   100%        5    ######.


Dungeon Overview and Level Annotations

Branches:
Dungeon (10/15)            Temple (0/1) D:4            Lair (0/6) D:10
    Orc: D:9-12

Altars:
Ashenzari
Dithmenos
Hepliaklqana
Makhleb
Okawaru
Ru
Sif Muna
Uskayaw
Vehumet
Wu Jian
Xom
Yredelemnul
The Shining One

Shops:
D:6 (   D:7 !

Annotations:
D:8 1 runed door, shummie's ghost, novice MiBe


Innate Abilities, Weirdness & Mutations

You are resistant to torment.
Your stone body is resilient. (AC +8)
You are immune to poison.
You resist negative energy. (rN+)
You are resistant to electric shocks. (rElec)
You can survive without breathing.
You are immune to petrification.
You are immune to rotting.
Your life essence is reduced to manifest your ancestor. (-10% HP)


Message History

The death yak is moderately wounded.
The death yak gores you!
You hit the death yak but do no damage.
The death yak is moderately wounded.
The yak snorts and paws the ground.
The death yak gores you!
* * * LOW HITPOINT WARNING * * *
You slice the death yak!!
The death yak is heavily wounded.
The death yak gores you but does no damage.
You hit the death yak.
The death yak is heavily wounded.
The death yak gores you.
* * * LOW HITPOINT WARNING * * *
Your shield and chain mail "Amirresawn" prevent you from hitting the death yak.
The death yak is heavily wounded.
The death yak gores you!
* * * LOW HITPOINT WARNING * * *
The death yak gores you!
You die...

.................>....###########
..........................)......
################.################
#.# #.# #.# #.# #.# #@# #####
########Y# .....
.......YY############ .....
........YY........... .....
...........YY........ #####
######.#####Y.)...... #.
#.Y....... #. #.Y....... ..
..Y........


You could see 2 death yaks and 3 yaks.

Vanquished Creatures
  A death yak (D:10)
  Joseph (D:7)
  A hippogriff (D:9)
  Sigmund (D:5)
  4 hogs (D:7)
  A wyvern (D:9)
  13 yaks
  Menkaure (D:7)
  2 water moccasins
  2 phantoms (D:5)
  2 orc warriors
  An ice beast (D:9)
  Purgy (Sewer)
  A black bear (D:8)
  2 ogres
  3 centaurs
  2 necrophages
  A big kobold (D:9)
  5 bullfrogs
  2 scorpions
  10 killer bees
  4 howler monkeys
  5 wights (D:7)
  A centaur zombie (D:6)
  5 crimson imps
  A bullfrog zombie (D:5)
  A jelly (D:9)
  Crazy Yiuf (D:6)
  An orc priest (D:6)
  A centaur skeleton (D:10)
  2 iguanas
  8 worker ants
  4 orc wizards
  A hound zombie (D:8)
  2 hound skeletons
  A worker ant zombie (D:8)
  2 gnolls (D:6)
  5 adders
  A shadow imp (D:7)
  An ooze (D:1)
  2 adder skeletons
  An adder zombie (D:6)
  A worm (D:2)
  2 dart slugs
  4 leopard geckos
  23 orcs
  6 giant cockroaches
  3 goblins
  8 hobgoblins
  4 jackals
  2 quokkas
  A ball python (D:4)
  7 bats
  5 frilled lizards
  15 kobolds
  A quokka skeleton (D:5)
  A quokka zombie (D:6)
  7 rats
197 creatures vanquished.

Vanquished Creatures (collateral kills)
  Grinder (D:4)
  A yak (D:9)
  A human (D:7)
  A hungry ghost (D:8)
  A sky beast (D:7)
  An orc warrior (D:8)
  A centaur (D:6)
  2 howler monkeys (D:8)
  2 crimson imps
  An orc priest (D:7)
  A bullfrog skeleton (D:9)
  2 orc wizards
  A centaur skeleton (D:5)
  An iguana (D:6)
  A worker ant (D:4)
  A gnoll (D:6)
  5 adders
  A worm (D:3)
  2 leopard geckos
  10 orcs
  2 jackals (D:4)
  A kobold (D:2)
  A bat (D:2)
  4 frilled lizards
  A rat (D:2)
46 creatures vanquished.

Vanquished Creatures (others)
  2 hexers (D:10)
  A fungus (D:8)
  4 plants (D:8)
7 creatures vanquished.

Grand Total: 250 creatures vanquished

Notes
Turn   | Place    | Note
-------+----------+-------------------------------------------
     0 | D:1      | Golfball the Gargoyle Fighter began the quest for the Orb.
     0 | D:1      | Reached XP level 1. HP: 14/14 MP: 1/1
    81 | D:1      | Reached skill level 2 in Axes
   266 | D:1      | Reached XP level 2. HP: 18/19 MP: 2/2
   942 | D:2      | Reached skill level 3 in Axes
   949 | D:2      | Reached XP level 3. HP: 19/23 MP: 3/3
  1089 | D:2      | Found a faded altar of an unknown god.
  1104 | D:2      | Became a worshipper of Hepliaklqana the Forgotten
  1104 | D:2      | Reached * piety under Hepliaklqana
  1128 | D:2      | Found a shattered altar of Ashenzari.
  1264 | D:2      | Found a hazy altar of Hepliaklqana.
  1269 | D:2      | Reached XP level 4. HP: 22/25 MP: 4/4
  1407 | D:2      | Found a shadowy altar of Dithmenos.
  1711 | D:2      | Reached skill level 4 in Axes
  2179 | D:3      | Reached ** piety under Hepliaklqana
  2184 | D:3      | Remembered your ancestor Æðelind as a hexer
  2413 | D:4      | Reached XP level 5. HP: 26/28 MP: 5/5
  2588 | D:4      | Found a sacrificial altar of Ru.
  2634 | D:4      | Found a staircase to the Ecumenical Temple.
  2641 | D:4      | Reached skill level 5 in Axes
  2909 | D:4      | Noticed Grinder
  2909 | D:4      | Paralysed by Grinder for 6 turns
  2925 | D:4      | Paralysed by Grinder for 3 turns
  2933 | D:4      | Killed Grinder
  2933 | D:4      | Reached skill level 6 in Axes
  2933 | D:4      | Reached XP level 6. HP: 32/33 MP: 6/6
  3096 | D:4      | Found a basalt altar of Yredelemnul.
  3096 | D:4      | Found a hide-covered altar of Uskayaw.
  3166 | D:5      | Entered Level 5 of the Dungeon
  3191 | D:5      | Noticed Sigmund
  3216 | D:5      | Killed Sigmund
  3216 | D:5      | Reached skill level 7 in Axes
  3216 | D:5      | Reached XP level 7. HP: 18/36 MP: 7/7
  3230 | D:5      | Found a glowing drain.
  3376 | Sewer    | Entered a sewer
  3387 | Sewer    | Noticed Purgy
  3395 | Sewer    | Killed Purgy
  3395 | Sewer    | Reached skill level 1 in Invocations
  3739 | D:5      | Reached XP level 8. HP: 43/43 MP: 8/10
  3782 | D:5      | Reached *** piety under Hepliaklqana
  3849 | D:5      | Reached skill level 5 in Fighting
  4495 | D:6      | Reached skill level 5 in Invocations
  4890 | D:6      | Found Vatusku's Weapon Shop.
  4951 | D:6      | Found a runed door.
  4955 | D:6      | Noticed Crazy Yiuf
  4966 | D:6      | Killed Crazy Yiuf
  5170 | D:6      | Reached XP level 9. HP: 49/51 MP: 13/13
  5365 | D:7      | Reached skill level 1 in Slings
  5446 | D:7      | Noticed Joseph
  5447 | D:7      | Found Gouptaf's Distillery.
  5461 | D:7      | Killed Joseph
  5660 | D:7      | Noticed Menkaure
  5665 | D:7      | Killed Menkaure
  5665 | D:7      | Reached skill level 1 in Evocations
  5818 | D:7      | Found a deep blue altar of Sif Muna.
  5818 | D:7      | Found an iron altar of Okawaru.
  5844 | D:7      | Reached skill level 5 in Slings
  6170 | D:8      | Reached XP level 10. HP: 51/56 MP: 15/15
  6252 | D:8      | Reached **** piety under Hepliaklqana
  6465 | D:8      | Reached skill level 5 in Evocations
  6477 | D:8      | Reached skill level 1 in Dodging
  6647 | D:8      | Found a runed door.
  6649 | D:8      | Noticed shummie's ghost (novice MiBe)
  6843 | D:8      | Found a shimmering altar of Xom.
  7203 | D:9      | Found a burning altar of Makhleb.
  7203 | D:9      | Found a radiant altar of Vehumet.
  7725 | D:9      | Found an ornate altar of the Wu Jian Council.
  7778 | D:9      | Identified a scroll of acquirement
  7779 | D:9      | Got a crude granite ring
  7781 | D:9      | Identified the ring of the Two Names {Wiz rPois Int+2} (You acquired it on level 9 of the Dungeon)
  7902 | D:9      | Reached XP level 11. HP: 24/60 MP: 16/16
  7902 | D:9      | Reached skill level 8 in Axes
  8401 | D:9      | Reached skill level 5 in Dodging
  8538 | D:9      | Found a glowing golden altar of the Shining One.
  8649 | D:10     | Entered Level 10 of the Dungeon
  8853 | D:10     | Got a jet-encrusted chain mail
  8864 | D:10     | Identified the +5 chain mail "Amirresawn" {Str+3} (You found it on level 10 of the Dungeon)
  8865 | D:10     | Noticed a death yak
  8866 | D:10     | Found a staircase to the Lair.
  8866 | D:10     | Noticed a death yak
  8867 | D:10     | Noticed a death yak
  8879 | D:10     | Killed a death yak
  8898 | D:10     | HP: 1/60 [death yak (8)]
  8898 | D:10     | Mangled by a death yak

Skill      XL: |  1  2  3  4  5  6  7  8  9 10 11 |
---------------+----------------------------------+-----
Axes           | 2 3 4 6 7 8 |  8.8
Invocations    | 3 6 7 |  7.3
Fighting       | 4 7 |  7.0
Slings         | 5 6 |  6.0
Evocations     | 3 6 |  6.1
Dodging        | 4 5 |  5.6
Armour         | |  3.2
Shields        | |  3.2

Action                   |  1- 3 |  4- 6 |  7- 9 | 10-12 || total
-------------------------+-------+-------+-------+-------++-------
Melee: War axe           |   100 |   107 |   257 |   325 ||   789
 Fire: Hunting sling     |       |       |       |     1 ||     1
Invok: Ancestor Identity |     1 |       |       |       ||     1
       Ancestor Life: He |       |     1 |       |       ||     1
       Recall Ancestor   |       |       |       |     1 ||     1
       Idealise          |       |       |       |     1 ||     1
Evoke: Wand              |       |       |       |     1 ||     1
  Use: Scroll            |     3 |    10 |     7 |     1 ||    21
 Stab: Distracted        |       |       |     6 |     3 ||     9
       Confused          |       |       |       |     1 ||     1
  Eat: Chunk             |     1 |     6 |     7 |     9 ||    23
       Ration            |       |       |     1 |       ||     1
Armor: Scale mail        |    61 |    28 |       |       ||    89
       Ring mail         |       |    25 |   141 |   135 ||   301
       Chain mail        |       |       |       |    10 ||    10
Dodge: Dodged            |    40 |    32 |    65 |   101 ||   238
Block: Shield            |    76 |    51 |   136 |   136 ||   399
